 Dungeon Crawl Stone Soup version 0.16.1 (webtiles) character file.

410 Sixotanaka the Conjurer (level 6, -3/41 HPs)
             Began as a Mummy Wizard on Mar 28, 2015.
             Slain by a hound (4 damage)
             ... on level 5 of the Dungeon.
             The game lasted 00:12:59 (5655 turns).

Sixotanaka the Conjurer (Mummy Wizard)              Turns: 5655, Time: 00:12:59

Health: -3/41      AC:  3    Str: 10    XL:     6   Next: 58%
Magic:  5/12       EV: 12    Int: 19    God:
Gold:   175        SH:  0    Dex: 10    Spells: 4 memorised, 3 levels left

rFire  x . .     SeeInvis .     f - +0 whip
rCold  + . .     Clarity  .     a - +0 robe
rNeg   + + +     SustAb   .     (no shield)
rPois  ∞         Gourm    .     b - +1 hat
rElec  .         Spirit   .     (no cloak)
rCorr  .         Warding  .     (no gloves)
rMut   .         Stasis   .     (no boots)
MR     +....                    (no amulet)
Stlth  +++.......               d - ring of protection from magic
                                g - ring of stealth

@: somewhat resistant to hostile enchantments, fairly stealthy
A: no food or potions, fire vulnerability, restore body, cold resistance 1,
negative energy resistance 3, poison resistance, torment resistance, unbreathing
a: no special abilities


You were on level 5 of the Dungeon.
You were not hungry.

You visited 1 branch of the dungeon, and saw 5 of its levels.

You collected 175 gold pieces.


Innate Abilities, Weirdness & Mutations

You do not eat or drink.
Your flesh is vulnerable to fire.
Your flesh is cold resistant.
You are immune to negative energy.
Your system is resistant to poisons.
You are immune to unholy pain and torment.
You can survive without breathing.


   Skills:
 - Level 1.5 Dodging
 - Level 1.5 Stealth
 - Level 3.0 Spellcasting
 + Level 5.3 Conjurations
 - Level 0.7 Summonings
 + Level 1.9 Translocations


You had 3 spell levels left.
You knew the following spells:

 Your Spells              Type           Power        Failure   Level  Hunger
b - Blink                 Tloc           N/A          12%         2    N/A
c - Mephitic Cloud        Conj/Pois/Air  #.......     21%         3    N/A
x - Call Imp              Summ           #.......     21%         2    N/A
z - Magic Dart            Conj           ###.         1%          1    N/A

Dungeon Overview and Level Annotations

Branches:
Dungeon (5/15)
 Temple: D:4-7

Altars:
Dithmenos
Fedhas
Okawaru
The Shining One

Annotations:
D:4 morfei's ghost, average DrCj
D:5 Dowan; Ripred's ghost, average FeBe; Sigmund

Inventory:

Hand weapons
 f - a +0 whip (weapon)
Missiles
 h - 44 stones (quivered)
Armour
 a - a +0 robe (worn)
 b - a +1 hat (worn)
 e - a +0 buckler
Jewellery
 d - a ring of protection from magic (right hand)
 g - a ring of stealth (left hand)
Scrolls
 i - a scroll of remove curse {@r2}
 k - a scroll of teleportation {@r4}
 l - a scroll of random uselessness {unknown}
 n - a scroll of amnesia {unknown}
 o - a scroll of fog {unknown}
Books
 c - a book of Minor Magic

..######...# #
#.# ##Z5##
#./####@.###.#
#.#........e#
#...###..####
#...# #..#
#.....#.# #..#
..#####h###..#
#.@W...#
####...#
#####...#
##...o.o)#
#.....##5#
#####
#..#####§#
....# ##.##
#5# #..##..#
#.# #..o.##
#.#


You could see a hound and Ripred's ghost.


Message History

Ripred's ghost hits you!
Your crimson imp hits the orc.
The orc dies!
Read which item? (? for menu, Esc to quit)
Okay, then.
Read which item? (? for menu, Esc to quit)
As you read the scroll of teleportation {@r4}, it crumbles to dust.
You feel strangely unstable.
The orc closely misses your crimson imp.
Ripred's ghost misses you.
The orc hits your crimson imp with a mace.
You hit the goblin.
You kill the goblin!
The kobold throws a stone.
The stone misses you.
The stone completely misses Ripred's ghost.
The orc hits your crimson imp from afar with a trident!
Ripred's ghost hits you!
* * * LOW HITPOINT WARNING * * *
Your crimson imp hits the orc but does no damage.
The orc hits your crimson imp with a mace.
Your crimson imp disappears in a puff of smoke!
Something hits the bush but does no damage.
The kobold throws a stone.
The stone hits you but does no damage. The orc misses your crimson imp.
Your crimson imp blinks!
Your crimson imp hits the orc but does no damage.
Things that are here:
a stone; a goblin corpse The centaur hits something but does no damage.
The kobold throws a stone.
The stone hits you but does no damage.
The centaur wields a shortbow.
The centaur shoots an arrow of flame.
The arrow of flame hits you.
* * * LOW HITPOINT WARNING * * *
The arrow of flame burns you.
* * * LOW HITPOINT WARNING * * *
Things that are here:
an arrow of flame; a stone Your surroundings suddenly seem different.
A hound comes into view.
The hound barks!
Found a scroll labeled VUTIUN MILAED and 18 stones.
A crimson imp comes into view.
A hound comes into view.
The crimson imp shouts!
The hound closely misses you.
A giant newt comes into view.
The hound bites you.
* * * LOW HITPOINT WARNING * * *
A jelly comes into view.
Found a scroll of teleportation.
The hound closely misses you. The hound bites you.
* * * LOW HITPOINT WARNING * * *
Sigmund and a zombie come into view.
Sigmund closely misses you. The hound misses you.
Dowan, Brother of Duvessa comes into view.
He is wielding a dagger of venom.
You see here a scroll of teleportation {@r4}.
The hound bites you but does no damage. The hound barely misses you.
Found a bone wand.
Sigmund casts a spell.
Sigmund flickers and vanishes!
Deactivating autopickup; reactivate with Ctrl-A.
The hound barely misses you.
Ripred's ghost turns its malevolent gaze towards you.
Ripred's ghost hits you.
* * * LOW HITPOINT WARNING * * *
The hound closely misses you.
You hear a shout!
You miss Ripred's ghost. The hound bites you.
You die...

Action                   |  1- 3 |  4- 6 || total
-------------------------+-------+-------++-------
Melee: Whip              |     6 |    20 ||    26
Throw: Stone             |    25 |       ||    25
 Cast: Magic Dart        |   110 |   200 ||   310
       Call Imp          |     1 |    17 ||    18
       Mephitic Cloud    |       |     5 ||     5
       Blink             |       |     1 ||     1
  Use: Scroll            |     3 |     5 ||     8

Vault maps used:
D:1:      roderic_dead_forest, hangedman_decor_growths, tso_altar
D:2:      okawaru_trees_2, serial_curves, eino_curves_03, eino_curves_01,
          eino_curves_03, eino_curves_02
D:3:      grunt_dithmenos_smoke
D:4:      first_bread, uniq_blork_the_orc
D:5:      minmay_temple_entry_from_below_a, serial_shops, shop_statue,
          fedhas_bush_and_centaur_altar, uniq_duvessa, uniq_sigmund

Notes
Turn   | Place    | Note
--------------------------------------------------------------
     0 | D:1      | Sixotanaka, the Mummy Wizard, began the quest for the Orb.
     0 | D:1      | Reached XP level 1. HP: 13/13 MP: 4/4
    37 | D:1      | Reached skill level 1 in Conjurations
   239 | D:1      | Reached XP level 2. HP: 19/19 MP: 1/6
   555 | D:1      | Found a glowing golden altar of the Shining One.
   641 | D:1      | Reached skill level 2 in Conjurations
   978 | D:1      | Learned a level 2 spell: Call Imp
   981 | D:1      | Learned a level 2 spell: Blink
  1012 | D:1      | Reached XP level 3. HP: 24/24 MP: 5/7
  1252 | D:2      | Found an iron altar of Okawaru.
  1766 | D:2      | Reached skill level 3 in Conjurations
  1929 | D:2      | Reached XP level 4. HP: 20/30 MP: 0/9
  3074 | D:3      | Reached skill level 4 in Conjurations
  3074 | D:3      | Reached XP level 5. HP: 35/35 MP: 2/11
  3141 | D:3      | HP: 8/35 [something/magic dart (6)]
  3158 | D:3      | HP: 6/35 [orc wizard/magic dart (4)]
  3508 | D:3      | Learned a level 3 spell: Mephitic Cloud
  4044 | D:3      | Found a shadowy altar of Dithmenos.
  4386 | D:3      | Reached skill level 5 in Conjurations
  4456 | D:3      | Reached XP level 6. HP: 41/41 MP: 7/12
  4477 | D:3      | Reached skill level 1 in Translocations
  5230 | D:4      | Noticed morfei's ghost (average DrCj)
  5357 | D:4      | HP: 10/41 [morfei's ghost/magic dart (8)]
  5361 | D:5      | Entered Level 5 of the Dungeon
  5624 | D:5      | Noticed Ripred's ghost (average FeBe)
  5637 | D:5      | HP: 8/41 [centaur/arrow of flame (4)]
  5638 | D:5      | Found a blossoming altar of Fedhas.
  5644 | D:5      | HP: 2/41 [hound (3)]
  5645 | D:5      | Noticed Sigmund
  5647 | D:5      | Noticed Dowan
  5654 | D:5      | HP: 1/41 [Ripred's ghost (3)]
  5655 | D:5      | Slain by a hound

Vanquished Creatures
  A giant frog (D:4)
  An orc priest (D:3)
  An orc wizard (D:3)
  A worker ant (D:3)
  A hound (D:4)
  5 adders
  A giant mite (D:2)
  4 worms
  5 giant geckos
  An ooze (D:2)
  17 orcs
  2 ball pythons (D:1)
  7 giant cockroaches
  4 hobgoblins
  6 kobolds
  2 quokkas (D:3)
  7 bats
  4 giant newts
  10 goblins
  10 jackals
  12 rats
102 creatures vanquished.

Vanquished Creatures (collateral kills)
  A crimson imp (D:3)
  An orc wizard (D:3)
  An orc (D:5)
  A giant cockroach (D:2)
  A jackal (D:2)
  A ball python (D:3)
6 creatures vanquished.

Vanquished Creatures (others)
  A crimson imp (D:5)
  A white imp (D:4)
2 creatures vanquished.

Grand Total: 110 creatures vanquished
